Manchester Monarchs vs Lowell Devils

Created - 20 octobre 2025 at 17:38

Goals
1 2 3 T
Manchester Monarchs 3 1 2 6
Lowell Devils 3 1 0 4
Shots
1 2 3 T
Manchester Monarchs 12 22 12 46
Lowell Devils 12 11 4 27

GoalsPenalties
1st period
1. Manchester Monarchs , Angus Crookshank 1 (Tanner Laczynski 1) at 8:14
2. Manchester Monarchs , Max Jones 1 (Angus Crookshank 2, Tanner Laczynski 2) at 9:12
3. Lowell Devils , Matthew Phillips 3 (Roby Jarventie 1) at 10:29
4. Lowell Devils , David Goyette 1 (Tobias Bjornfot 1, Luke Tuch 1) at 13:42
5. Manchester Monarchs , Angus Crookshank 2 (Luca Del Bel Belluz 3, Rory Kerins 5) at 18:23
6. Lowell Devils , Roby Jarventie 2 (Matthew Phillips 2) at 18:33
No Penalty
2nd period
7. Manchester Monarchs , Max Jones 2 (Tanner Laczynski 3) at 8:16
8. Lowell Devils , Jaret Anderson-Dolan 2 (Nick Abruzzese 6, Ozzy Wiesblatt 2) at 17:01
Adam Beckman (MON) for Roughing (Minor) at 4:14
Tanner Laczynski (MON) for Tripping (Minor) at 17:20
3rd period
9. Manchester Monarchs , David Gustafsson 1 (Justin Sourdif 2, Angus Crookshank 3) at 15:09
10. Manchester Monarchs , Luca Del Bel Belluz 3 (Nikolai Kovalenko 1, Rory Kerins 6) at 17:47
Tanner Laczynski (MON) for Interference (Minor) at 4:18
Goalie Stats
Matthew Murray (MON), 23 saves from 27 shots - (0,852), W, 4-0-0, 60:00 minutes
Zach Sawchenko (DEV), 40 saves from 46 shots - (0,870), L, 1-2-0, 60:00 minutes
3 StarsOfficial
1 - Angus Crookshank (MON)
2 - Max Jones (MON)
3 - Luca Del Bel Belluz (MON)
Referees : Brandon Blandina and Conor O'Donnell
Linesman : James Tobias and Derek Amell
Game Note
No Game Note
Finance
Level 1 -- Attendance: 1543 (77,15%) -- Ticket Income $54,005
Level 2 -- Attendance: 971 (97,10%) -- Ticket Income $14,565
Total Attendance: 2514 (83,80%)
Total Ticket Income: $68,570
Other Income: $33,599
Total Income: $102,169



Team Name Goals Shots Shots Attemp Shots Blocked PIM HIT PP PK FO%
Manchester Monarchs 6467236240 / 0 (0,00%059%
Lowell Devils 4274070220 / 3 (0%)041%

Manchester Monarchs
Player Name POS G A P +/- PIM HIT SHT SB MP PP MP PP SHT PK MP PK SHT FO% FOT GA TA
000000000:000:0000:0000% 000
000000000:000:0000:0000% 000
000000000:000:0000:0000% 000
000000000:000:0000:0000% 000
Adam BeckmanC/LW000-120207:150:0000:0000% 000
Angus CrookshankLW2242014016:250:0000:470100% 120
Cole GuttmanC/RW0000013015:450:0001:21054% 1310
Daemon HuntD0000011014:270:0000:1200% 000
Daniil MiromanovRW/D0001023119:530:0000:1000% 000
David GustafssonC/LW1010004014:320:0000:4000% 010
Filip MesarRW000-102017:160:0000:0000% 000
Frederic BrunetC/D0002013022:460:0002:4000% 001
Jake ChristiansenD0001001021:580:0001:4900% 011
Justin SourdifC/RW0110002013:520:0000:0000% 000
Kirill KudryavtsevD0001010023:160:0003:2800% 000
Luca Del Bel BelluzC1121016019:200:0002:35058% 1201
Mathias Emilio PettersenC/LW000-103107:160:0000:000100% 100
Max JonesC/LW/RW2022045016:200:0000:10067% 300
Nikolai KovalenkoLW/RW0111033119:000:0002:2500% 011
Rory KerinsC/LW0221036019:420:0002:57050% 201
Samuel JohannessonD000-1001017:400:0003:3500% 001
Tanner LaczynskiC/LW/RW0332411017:170:0000:59058% 1900
Lowell Devils
Player Name POS G A P +/- PIM HIT SHT SB MP PP MP PP SHT PK MP PK SHT FO% FOT GA TA
000000000:000:0000:0000% 000
000000000:000:0000:0000% 000
000000000:000:0000:0000% 000
000000000:000:0000:0000% 000
Adam EngstromD0000020020:472:0300:0000% 003
Cross HanasLW/RW000-2010013:320:4500:0000% 010
David GoyetteC101101119:540:0000:000100% 110
Ethan CardwellRW0000024118:442:0600:00050% 200
Jack RathboneD000-2000013:100:3500:0000% 000
Jaret Anderson-DolanC/LW1010021018:012:5300:0000% 010
Luke TuchLW0111001010:030:0200:0000% 000
Matt KierstedD0000021320:512:0300:0000% 010
Matthew PhillipsC/LW/RW1122017025:262:0600:00028% 2502
Nick AbruzzeseC/LW011-1003017:062:5300:00050% 1400
Nikolai KnyzhovD000-2000012:570:3300:0000% 000
Owen BeckC000-2040013:500:3600:00050% 600
Ozzy WiesblattRW011-1002017:162:5300:0000% 000
Roby JarventieC/LW/RW1120053018:361:5800:000100% 110
Scott MorrowD0000002126:033:1900:0000% 000
Tanner DickinsonC000-100105:061:0800:00050% 200
Thomas BordeleauC/LW000-3000014:180:3300:0000% 010
Tobias BjornfotD0110021124:203:1900:0000% 001

Manchester Monarchs

5 vs 5 Forward
Line #Left WingCenterRight WingPHYDFOFWanted %Time %Time Play
1Rory KerinsLuca Del Bel BelluzNikolai Kovalenko1133232%17:07
2Angus CrookshankTanner LaczynskiMax Jones1133129%15:48
3David GustafssonCole GuttmanJustin Sourdif1222626%13:52
4Adam BeckmanMathias Emilio PettersenFilip Mesar1311113%7:16
5 vs 5 Defense
Line #DefenseDefensePHYDFOFWanted %Time %Time Play
1Daniil MiromanovJake Christiansen0233937%20:09
2Kirill KudryavtsevFrederic Brunet0233938%20:20
3Samuel JohannessonDaemon Hunt0412225%13:34
4Daniil MiromanovJake Christiansen12200%0:00
Power Play Forward
Line #Left WingCenterRight WingPHYDFOFWanted %Time %Time Play
1Rory KerinsLuca Del Bel BelluzNikolai Kovalenko005600%0:00
2Angus CrookshankTanner LaczynskiMax Jones005400%0:00
Power Play Defense
Line #DefenseDefensePHYDFOFWanted %Time %Time Play
1Daniil MiromanovJake Christiansen014600%0:00
2Kirill KudryavtsevFrederic Brunet014400%0:00
Penalty Kill 4 Players Forward
Line #CenterWingPHYDFOFWanted %Time %Time Play
1Rory KerinsTanner Laczynski1405040%2:22
2Luca Del Bel BelluzRory Kerins1405060%3:35
Penalty Kill 4 Players Defense
Line #DefenseDefensePHYDFOFWanted %Time %Time Play
1Jake ChristiansenFrederic Brunet1405048%2:50
2Kirill KudryavtsevSamuel Johannesson1405052%3:07
Penalty Kill 3 Players
Line #WingPHYDFOFWanted %Time %Time PlayDefenseDefensePHYDFOFWanted %Time %Time Play
1Rory Kerins050500%0:00 Jake ChristiansenFrederic Brunet140500%0:00
2Luca Del Bel Belluz050500%0:00 Kirill KudryavtsevSamuel Johannesson140500%0:00
4 vs 4 Forward
Line #CenterWingPHYDFOFWanted %Time %Time Play
1Cole GuttmanDavid Gustafsson032500%0:00
2Mathias Emilio PettersenAdam Beckman032500%0:00
4 vs 4 Defense
Line #DefensePHYDFOFWanted %Time %Time Play
1Samuel JohannessonDaemon Hunt041500%0:00
2Frederic BrunetKirill Kudryavtsev041500%0:00
Last Minutes Offensive
Left WingCenterRight WingDefenseDefense
Rory KerinsLuca Del Bel BelluzNikolai KovalenkoDaniil MiromanovJake Christiansen
Last Minutes Defensive
Left WingCenterRight WingDefenseDefense
Rory KerinsLuca Del Bel BelluzNikolai KovalenkoDaniil MiromanovJake Christiansen
Time
Total ForwardTotal DefenseLast Minutes OffensiveLast Minutes Defensive
60:00 60:00 0:000:00
Extra Forwards
Normal PowerPlayPenalty Kill
Nikolai Kovalenko, Cole Guttman, Angus CrookshankNikolai Kovalenko, Cole GuttmanNikolai Kovalenko
Extra Defensemen
Normal PowerPlayPenalty Kill
Kirill Kudryavtsev, Samuel Johannesson, Daemon HuntKirill Kudryavtsev, Kirill KudryavtsevSamuel Johannesson
Penalty Shots
Daniil Miromanov, Tanner Laczynski, Rory Kerins, Luca Del Bel Belluz, Nikolai Kovalenko
Goalie
Matthew Murray, Clay Stevenson
Scratches
Cole Reinhardt (Healthy), Mason Millman (Healthy), Elliot Desnoyers (Healthy), Matthew Seminoff (Healthy), Cam Lund (Healthy) Charles-Alexis Legault (Healthy), Jakub Skarek (Healthy), Magnus Chrona (Healthy)

Lowell Devils

5 vs 5 Forward
Line #Left WingCenterRight WingPHYDFOFWanted %Time %Time Play
1Roby JarventieMatthew PhillipsEthan Cardwell1224032%17:19
2Jaret Anderson-DolanNick AbruzzeseOzzy Wiesblatt1223026%14:13
3Thomas BordeleauOwen BeckCross Hanas1222023%12:37
4Luke TuchDavid GoyetteMatthew Phillips1221018%9:54
5 vs 5 Defense
Line #DefenseDefensePHYDFOFWanted %Time %Time Play
1Scott MorrowTobias Bjornfot1224037%20:16
2Adam EngstromMatt Kiersted1223035%18:44
3Jack RathboneNikolai Knyzhov1222023%12:35
4Scott MorrowTobias Bjornfot122105%2:28
Power Play Forward
Line #Left WingCenterRight WingPHYDFOFWanted %Time %Time Play
1Roby JarventieMatthew PhillipsEthan Cardwell1226039%2:19
2Jaret Anderson-DolanNick AbruzzeseOzzy Wiesblatt1224061%3:38
Power Play Defense
Line #DefenseDefensePHYDFOFWanted %Time %Time Play
1Scott MorrowTobias Bjornfot1226066%3:54
2Adam EngstromMatt Kiersted1224034%2:03
Penalty Kill 4 Players Forward
Line #CenterWingPHYDFOFWanted %Time %Time Play
1Matthew PhillipsRoby Jarventie122600%0:00
2Nick AbruzzeseJaret Anderson-Dolan122400%0:00
Penalty Kill 4 Players Defense
Line #DefenseDefensePHYDFOFWanted %Time %Time Play
1Scott MorrowTobias Bjornfot122600%0:00
2Adam EngstromMatt Kiersted122400%0:00
Penalty Kill 3 Players
Line #WingPHYDFOFWanted %Time %Time PlayDefenseDefensePHYDFOFWanted %Time %Time Play
1Matthew Phillips122600%0:00 Scott MorrowTobias Bjornfot122600%0:00
2Roby Jarventie122400%0:00 Adam EngstromMatt Kiersted122400%0:00
4 vs 4 Forward
Line #CenterWingPHYDFOFWanted %Time %Time Play
1Matthew PhillipsRoby Jarventie122600%0:00
2Nick AbruzzeseJaret Anderson-Dolan122400%0:00
4 vs 4 Defense
Line #DefensePHYDFOFWanted %Time %Time Play
1Scott MorrowTobias Bjornfot122600%0:00
2Adam EngstromMatt Kiersted122400%0:00
Last Minutes Offensive
Left WingCenterRight WingDefenseDefense
Roby JarventieMatthew PhillipsEthan CardwellScott MorrowTobias Bjornfot
Last Minutes Defensive
Left WingCenterRight WingDefenseDefense
Roby JarventieMatthew PhillipsEthan CardwellScott MorrowTobias Bjornfot
Time
Total ForwardTotal DefenseLast Minutes OffensiveLast Minutes Defensive
60:00 60:00 0:000:00
Extra Forwards
Normal PowerPlayPenalty Kill
Tanner Dickinson, Owen Beck, Thomas BordeleauTanner Dickinson, Owen BeckThomas Bordeleau
Extra Defensemen
Normal PowerPlayPenalty Kill
Jack Rathbone, Nikolai Knyzhov, Adam EngstromJack Rathbone, Nikolai KnyzhovAdam Engstrom
Penalty Shots
Matthew Phillips, Roby Jarventie, Nick Abruzzese, Jaret Anderson-Dolan, Owen Beck
Goalie
Zach Sawchenko, Jesper Wallstedt
Scratches
Kyle Capobianco (Healthy), Calen Addison (Healthy), Jack Ahcan (Healthy), Ethan Frisch (Healthy), Kai Uchacz (Healthy) Jordan Dumais (Healthy), Noah Laba (Healthy), Marshall Warren (Healthy), Artem Grushnikov (Healthy)


Play-by-Play

1st period


0:01 of 1st period - Luca Del Bel Belluz wins face-off versus Matthew Phillips in neutral zone.
0:26 of 1st period - Tanner Laczynski is hit by Tobias Bjornfot and loses puck.
0:35 of 1st period - Snap shot by Nick Abruzzese.
0:35 of 1st period - Stopped by Matthew Murray with a rebound.
0:49 of 1st period - Wrist shot by Ozzy Wiesblatt.
0:49 of 1st period - Stopped by Matthew Murray without a rebound.
0:50 of 1st period - Cole Guttman wins face-off versus Owen Beck in Manchester Monarchs zone.
0:57 of 1st period - Cole Guttman is hit by Matt Kiersted and loses puck.
1:27 of 1st period - Off-side.
1:28 of 1st period - Luca Del Bel Belluz wins face-off versus Matthew Phillips in neutral zone.
1:53 of 1st period - Nick Abruzzese is hit by Daemon Hunt and loses puck.
2:04 of 1st period - Wrist shot by Angus Crookshank.
2:04 of 1st period - Deflect By Max Jones.
2:04 of 1st period - Deflect By Jaret Anderson-Dolan.
2:04 of 1st period - Stopped by Zach Sawchenko with a rebound.
2:40 of 1st period - Wrist shot by Justin Sourdif.
2:40 of 1st period - Stopped by Zach Sawchenko with a rebound.
2:42 of 1st period - Snap shot by David Gustafsson.
2:42 of 1st period - Stopped by Zach Sawchenko without a rebound.
2:43 of 1st period - David Goyette wins face-off versus Luca Del Bel Belluz in Lowell Devils zone.
3:30 of 1st period - Frederic Brunet is hit by Adam Engstrom and loses puck.
3:57 of 1st period - Adam Engstrom is hit by Rory Kerins.
4:07 of 1st period - Slapshot by Matthew Phillips.
4:07 of 1st period - Stopped by Matthew Murray with a rebound.
4:15 of 1st period - Luke Tuch is hit by Nikolai Kovalenko and loses puck.
5:06 of 1st period - Wrist shot by Nikolai Kovalenko.
5:06 of 1st period - Stopped by Zach Sawchenko without a rebound.
5:07 of 1st period - Tanner Laczynski wins face-off versus Nick Abruzzese in Lowell Devils zone.
5:22 of 1st period - Wrist shot by Tanner Laczynski.
5:22 of 1st period - Shot Misses the Net.
5:32 of 1st period - Daemon Hunt is hit by Owen Beck.
6:20 of 1st period - Slapshot by Adam Beckman.
6:20 of 1st period - Shot Misses the Net.
6:22 of 1st period - Snap shot by Adam Beckman.
6:22 of 1st period - Stopped by Zach Sawchenko with a rebound.
6:24 of 1st period - Wrist shot by Filip Mesar.
6:24 of 1st period - Shot Misses the Net.
6:50 of 1st period - Snap shot by Ethan Cardwell.
6:50 of 1st period - Stopped by Matthew Murray without a rebound.
6:51 of 1st period - Nick Abruzzese wins face-off versus Cole Guttman in Manchester Monarchs zone.
7:39 of 1st period - Adam Beckman is hit by Roby Jarventie and loses puck.
8:14 of 1st period - Snap shot by Angus Crookshank.
8:14 of 1st period - Goal by Angus Crookshank - Manchester Monarchs : 1 - Lowell Devils : 0.
8:15 of 1st period - Matthew Phillips wins face-off versus Tanner Laczynski in neutral zone.
8:38 of 1st period - Icing by Tobias Bjornfot.
8:39 of 1st period - Cole Guttman wins face-off versus Matthew Phillips in Lowell Devils zone.
9:10 of 1st period - Snap shot by Angus Crookshank.
9:10 of 1st period - Shot Misses the Net.
9:12 of 1st period - Wrist shot by Max Jones.
9:12 of 1st period - Goal by Max Jones - Manchester Monarchs : 2 - Lowell Devils : 0.
9:13 of 1st period - Tanner Laczynski wins face-off versus Matthew Phillips in neutral zone.
9:37 of 1st period - Nick Abruzzese is hit by Cole Guttman.
9:48 of 1st period - Slapshot by Jaret Anderson-Dolan.
9:48 of 1st period - Deflect By Nick Abruzzese.
9:48 of 1st period - Stopped by Matthew Murray with a rebound.
10:08 of 1st period - Snap shot by Thomas Bordeleau.
10:08 of 1st period - Shot Blocked by Nikolai Kovalenko.
10:24 of 1st period - Daniil Miromanov is hit by Roby Jarventie and loses puck.
10:29 of 1st period - Slapshot by Matthew Phillips.
10:29 of 1st period - Goal by Matthew Phillips - Manchester Monarchs : 2 - Lowell Devils : 1.
10:30 of 1st period - Matthew Phillips wins face-off versus Tanner Laczynski in neutral zone.
10:33 of 1st period - Daniil Miromanov is hit by Ethan Cardwell and loses puck.
10:46 of 1st period - Slapshot by Tanner Laczynski.
10:46 of 1st period - Stopped by Zach Sawchenko with a rebound.
11:09 of 1st period - Icing by Scott Morrow.
11:10 of 1st period - Nick Abruzzese wins face-off versus Luca Del Bel Belluz in Lowell Devils zone.
11:19 of 1st period - Slapshot by Luca Del Bel Belluz.
11:19 of 1st period - Shot Blocked by Scott Morrow.
12:10 of 1st period - Wrist shot by David Gustafsson.
12:10 of 1st period - Shot Blocked by Ethan Cardwell.
12:32 of 1st period - Snap shot by Adam Beckman.
12:32 of 1st period - Shot Blocked by Tobias Bjornfot.
13:12 of 1st period - Slapshot by Scott Morrow.
13:12 of 1st period - Stopped by Matthew Murray with a rebound.
13:14 of 1st period - Slapshot by Tobias Bjornfot.
13:14 of 1st period - Shot Misses the Net.
13:16 of 1st period - Snap shot by Matthew Phillips.
13:16 of 1st period - Stopped by Matthew Murray with a rebound.
13:18 of 1st period - Slapshot by Scott Morrow.
13:18 of 1st period - Shot Misses the Net.
13:38 of 1st period - Wrist shot by Luke Tuch.
13:38 of 1st period - Deflect By Cole Guttman.
13:38 of 1st period - Stopped by Matthew Murray with a rebound.
13:40 of 1st period - Snap shot by Tobias Bjornfot.
13:40 of 1st period - Stopped by Matthew Murray with a rebound.
13:42 of 1st period - Snap shot by David Goyette.
13:42 of 1st period - Goal by David Goyette - Manchester Monarchs : 2 - Lowell Devils : 2.
13:43 of 1st period - Tanner Laczynski wins face-off versus Nick Abruzzese in neutral zone.
13:59 of 1st period - Icing by Jake Christiansen.
14:00 of 1st period - Owen Beck wins face-off versus Tanner Laczynski in Manchester Monarchs zone.
14:38 of 1st period - Snap shot by Ozzy Wiesblatt.
14:38 of 1st period - Shot Misses the Net.
15:18 of 1st period - Daemon Hunt is hit by Owen Beck and loses puck.
15:33 of 1st period - Tanner Laczynski is hit by Jaret Anderson-Dolan and loses puck.
16:44 of 1st period - Slapshot by Mathias Emilio Pettersen.
16:44 of 1st period - Stopped by Zach Sawchenko with a rebound.
17:13 of 1st period - Matt Kiersted is hit by Nikolai Kovalenko and loses puck.
17:22 of 1st period - Thomas Bordeleau is hit by Kirill Kudryavtsev and loses puck.
17:33 of 1st period - Jaret Anderson-Dolan is hit by Daniil Miromanov and loses puck.
17:41 of 1st period - Icing by Jaret Anderson-Dolan.
17:42 of 1st period - Tanner Laczynski wins face-off versus Nick Abruzzese in Lowell Devils zone.
17:45 of 1st period - Slapshot by Angus Crookshank.
17:45 of 1st period - Stopped by Zach Sawchenko with a rebound.
18:23 of 1st period - Snap shot by Angus Crookshank.
18:23 of 1st period - Goal by Angus Crookshank - Manchester Monarchs : 3 - Lowell Devils : 2.
18:24 of 1st period - Angus Crookshank wins face-off versus Matthew Phillips in neutral zone.
18:31 of 1st period - Wrist shot by Roby Jarventie.
18:31 of 1st period - Shot Blocked by Daniil Miromanov.
18:33 of 1st period - Slapshot by Roby Jarventie.
18:33 of 1st period - Goal by Roby Jarventie - Manchester Monarchs : 3 - Lowell Devils : 3.
18:34 of 1st period - Luca Del Bel Belluz wins face-off versus Matthew Phillips in neutral zone.
18:41 of 1st period - Slapshot by Rory Kerins.
18:41 of 1st period - Stopped by Zach Sawchenko with a rebound.
19:19 of 1st period - Off-side.
19:20 of 1st period - Owen Beck wins face-off versus Cole Guttman in neutral zone.
19:45 of 1st period - Roby Jarventie is hit by Rory Kerins and loses puck.
Goals for this period are 3 for Manchester Monarchs vs 3 for Lowell Devils.
Shots for this period are 12 for Manchester Monarchs vs 12 for Lowell Devils.

2nd period


0:01 of 2nd period - Tanner Laczynski wins face-off versus Matthew Phillips in neutral zone.
0:12 of 2nd period - Wrist shot by Tanner Laczynski.
0:12 of 2nd period - Deflect By Angus Crookshank.
0:12 of 2nd period - Stopped by Zach Sawchenko with a rebound.
0:14 of 2nd period - Slapshot by Daniil Miromanov.
0:14 of 2nd period - Shot Misses the Net.
0:16 of 2nd period - Slapshot by Daniil Miromanov.
0:16 of 2nd period - Stopped by Zach Sawchenko with a rebound.
0:31 of 2nd period - Jake Christiansen is hit by Ethan Cardwell and loses puck.
0:50 of 2nd period - Daniil Miromanov is hit by Roby Jarventie.
0:54 of 2nd period - Snap shot by Ethan Cardwell.
0:54 of 2nd period - Stopped by Matthew Murray without a rebound.
0:55 of 2nd period - Nick Abruzzese wins face-off versus Luca Del Bel Belluz in Manchester Monarchs zone.
2:08 of 2nd period - Tobias Bjornfot is hit by Mathias Emilio Pettersen and loses puck.
2:56 of 2nd period - Wrist shot by Roby Jarventie.
2:56 of 2nd period - Stopped by Matthew Murray without a rebound.
2:57 of 2nd period - Cole Guttman wins face-off versus Tanner Dickinson in Manchester Monarchs zone.
3:27 of 2nd period - Daniil Miromanov is hit by Tobias Bjornfot and loses puck.
4:03 of 2nd period - Wrist shot by Roby Jarventie.
4:03 of 2nd period - Stopped by Matthew Murray with a rebound.
4:05 of 2nd period - Snap shot by Roby Jarventie.
4:05 of 2nd period - Shot Misses the Net.
4:07 of 2nd period - Slapshot by Matthew Phillips.
4:07 of 2nd period - Stopped by Matthew Murray without a rebound.
4:08 of 2nd period - Mathias Emilio Pettersen wins face-off versus Matthew Phillips in Manchester Monarchs zone.
4:14 of 2nd period - Minor Penalty to Adam Beckman for Roughing.
4:15 of 2nd period - Rory Kerins wins face-off versus Matthew Phillips in Manchester Monarchs zone.
4:15 of 2nd period - Rory Kerins is hit by Matthew Phillips.
4:40 of 2nd period - Ozzy Wiesblatt is hit by Tanner Laczynski and loses puck.
6:14 of 2nd period - Penalty to Adam Beckman is over, Adam Beckman is back on ice.
6:19 of 2nd period - Wrist shot by Adam Beckman.
6:19 of 2nd period - Stopped by Zach Sawchenko with a rebound.
6:31 of 2nd period - Adam Beckman is hit by Owen Beck and loses puck.
8:04 of 2nd period - Icing by Max Jones.
8:05 of 2nd period - Tanner Dickinson wins face-off versus Tanner Laczynski in Manchester Monarchs zone.
8:16 of 2nd period - Snap shot by Max Jones.
8:16 of 2nd period - Goal by Max Jones - Manchester Monarchs : 4 - Lowell Devils : 3.
8:17 of 2nd period - Luca Del Bel Belluz wins face-off versus Ethan Cardwell in neutral zone.
9:08 of 2nd period - Cole Guttman is hit by Owen Beck and loses puck.
9:41 of 2nd period - Snap shot by Rory Kerins.
9:41 of 2nd period - Deflect By Nikolai Kovalenko.
9:41 of 2nd period - Stopped by Zach Sawchenko with a rebound.
9:43 of 2nd period - Snap shot by Luca Del Bel Belluz.
9:43 of 2nd period - Stopped by Zach Sawchenko without a rebound.
9:44 of 2nd period - Owen Beck wins face-off versus Luca Del Bel Belluz in Lowell Devils zone.
9:44 of 2nd period - Owen Beck is hit by Luca Del Bel Belluz.
9:58 of 2nd period - Slapshot by Luca Del Bel Belluz.
9:58 of 2nd period - Stopped by Zach Sawchenko with a rebound.
10:00 of 2nd period - Snap shot by Rory Kerins.
10:00 of 2nd period - Stopped by Zach Sawchenko without a rebound.
10:01 of 2nd period - Matthew Phillips wins face-off versus Max Jones in Lowell Devils zone.
10:17 of 2nd period - Roby Jarventie is hit by Angus Crookshank and loses puck.
10:56 of 2nd period - Backhand shot by Cole Guttman.
10:56 of 2nd period - Stopped by Zach Sawchenko with a rebound.
10:58 of 2nd period - Slapshot by Frederic Brunet.
10:58 of 2nd period - Shot Misses the Net.
11:08 of 2nd period - Slapshot by Scott Morrow.
11:08 of 2nd period - Shot Blocked by Filip Mesar.
11:10 of 2nd period - Wrist shot by Ethan Cardwell.
11:10 of 2nd period - Stopped by Matthew Murray with a rebound.
11:12 of 2nd period - Slapshot by Scott Morrow.
11:12 of 2nd period - Stopped by Matthew Murray without a rebound.
11:13 of 2nd period - Luca Del Bel Belluz wins face-off versus Matthew Phillips in Manchester Monarchs zone.
11:18 of 2nd period - Wrist shot by Matthew Phillips.
11:18 of 2nd period - Stopped by Matthew Murray with a rebound.
11:20 of 2nd period - Wrist shot by Ethan Cardwell.
11:20 of 2nd period - Shot Hit the Post.
11:22 of 2nd period - Snap shot by Matthew Phillips.
11:22 of 2nd period - Stopped by Matthew Murray with a rebound.
11:24 of 2nd period - Snap shot by Ethan Cardwell.
11:24 of 2nd period - Shot Misses the Net.
11:53 of 2nd period - Owen Beck is hit by Rory Kerins and loses puck.
12:18 of 2nd period - Snap shot by Luca Del Bel Belluz.
12:18 of 2nd period - Stopped by Zach Sawchenko with a rebound.
12:20 of 2nd period - Slapshot by Frederic Brunet.
12:20 of 2nd period - Stopped by Zach Sawchenko with a rebound.
12:22 of 2nd period - Slapshot by Frederic Brunet.
12:22 of 2nd period - Stopped by Zach Sawchenko with a rebound.
12:24 of 2nd period - Slapshot by Luca Del Bel Belluz.
12:24 of 2nd period - Shot Misses the Net.
12:28 of 2nd period - Slapshot by Luca Del Bel Belluz.
12:28 of 2nd period - Stopped by Zach Sawchenko with a rebound.
12:30 of 2nd period - Slapshot by Luca Del Bel Belluz.
12:30 of 2nd period - Shot Misses the Net.
12:38 of 2nd period - Snap shot by Nikolai Kovalenko.
12:38 of 2nd period - Shot Misses the Net.
12:50 of 2nd period - Slapshot by Luca Del Bel Belluz.
12:50 of 2nd period - Deflect By Rory Kerins.
12:50 of 2nd period - Stopped by Zach Sawchenko with a rebound.
12:52 of 2nd period - Slapshot by Daniil Miromanov.
12:52 of 2nd period - Stopped by Zach Sawchenko with a rebound.
13:06 of 2nd period - Wrist shot by Luca Del Bel Belluz.
13:06 of 2nd period - Stopped by Zach Sawchenko with a rebound.
13:08 of 2nd period - Slapshot by Luca Del Bel Belluz.
13:08 of 2nd period - Shot Blocked by Matt Kiersted.
13:10 of 2nd period - Slapshot by Frederic Brunet.
13:10 of 2nd period - Stopped by Zach Sawchenko with a rebound.
13:12 of 2nd period - Slapshot by Frederic Brunet.
13:12 of 2nd period - Shot Misses the Net.
13:14 of 2nd period - Slapshot by Nikolai Kovalenko.
13:14 of 2nd period - Shot Misses the Net.
13:16 of 2nd period - Snap shot by Rory Kerins.
13:16 of 2nd period - Stopped by Zach Sawchenko without a rebound.
13:17 of 2nd period - Tanner Laczynski wins face-off versus Matthew Phillips in Lowell Devils zone.
13:28 of 2nd period - Wrist shot by Matthew Phillips.
13:28 of 2nd period - Stopped by Matthew Murray without a rebound.
13:29 of 2nd period - Tanner Laczynski wins face-off versus Matthew Phillips in Manchester Monarchs zone.
13:29 of 2nd period - Tanner Laczynski is hit by Roby Jarventie.
13:41 of 2nd period - Jake Christiansen is hit by Roby Jarventie and loses puck.
14:00 of 2nd period - Off-side.
14:01 of 2nd period - Cole Guttman wins face-off versus Matthew Phillips in neutral zone.
14:04 of 2nd period - Snap shot by Justin Sourdif.
14:04 of 2nd period - Shot Misses the Net.
14:23 of 2nd period - Icing by Cole Guttman.
14:24 of 2nd period - Tanner Laczynski wins face-off versus Nick Abruzzese in Manchester Monarchs zone.
14:32 of 2nd period - Icing by Max Jones.
14:33 of 2nd period - Matthew Phillips wins face-off versus Tanner Laczynski in Manchester Monarchs zone.
14:57 of 2nd period - Off-side.
14:58 of 2nd period - Cole Guttman wins face-off versus Nick Abruzzese in neutral zone.
15:01 of 2nd period - Slapshot by Justin Sourdif.
15:01 of 2nd period - Stopped by Zach Sawchenko with a rebound.
15:03 of 2nd period - Slapshot by David Gustafsson.
15:03 of 2nd period - Stopped by Zach Sawchenko with a rebound.
15:05 of 2nd period - Slapshot by Daniil Miromanov.
15:05 of 2nd period - Deflect By Ozzy Wiesblatt.
15:05 of 2nd period - Stopped by Zach Sawchenko with a rebound.
15:07 of 2nd period - Wrist shot by Cole Guttman.
15:07 of 2nd period - Deflect By David Gustafsson.
15:07 of 2nd period - Stopped by Zach Sawchenko with a rebound.
15:31 of 2nd period - Off-side.
15:32 of 2nd period - Tanner Laczynski wins face-off versus Matthew Phillips in neutral zone.
16:36 of 2nd period - Nikolai Knyzhov is hit by Filip Mesar and loses puck.
17:01 of 2nd period - Wrist shot by Jaret Anderson-Dolan.
17:01 of 2nd period - Goal by Jaret Anderson-Dolan - Manchester Monarchs : 4 - Lowell Devils : 4.
17:02 of 2nd period - Ethan Cardwell wins face-off versus Tanner Laczynski in neutral zone.
17:13 of 2nd period - Snap shot by Ethan Cardwell.
17:13 of 2nd period - Stopped by Matthew Murray without a rebound.
17:14 of 2nd period - Matthew Phillips wins face-off versus Tanner Laczynski in Manchester Monarchs zone.
17:20 of 2nd period - Minor Penalty to Tanner Laczynski for Tripping.
17:21 of 2nd period - Matthew Phillips wins face-off versus Rory Kerins in Manchester Monarchs zone.
17:47 of 2nd period - Luca Del Bel Belluz is hit by Jaret Anderson-Dolan and loses puck.
18:16 of 2nd period - Angus Crookshank is hit by Matt Kiersted and loses puck.
19:20 of 2nd period - Penalty to Tanner Laczynski is over, Tanner Laczynski is back on ice.
19:36 of 2nd period - Jake Christiansen is hit by Adam Engstrom and loses puck.
Goals for this period are 1 for Manchester Monarchs vs 1 for Lowell Devils.
Shots for this period are 22 for Manchester Monarchs vs 11 for Lowell Devils.

3rd period


0:01 of 3rd period - Tanner Laczynski wins face-off versus Matthew Phillips in neutral zone.
0:15 of 3rd period - Off-side.
0:16 of 3rd period - Nick Abruzzese wins face-off versus Cole Guttman in neutral zone.
1:01 of 3rd period - Icing by Adam Engstrom.
1:02 of 3rd period - Nick Abruzzese wins face-off versus Tanner Laczynski in Lowell Devils zone.
1:07 of 3rd period - Snap shot by Tanner Laczynski.
1:07 of 3rd period - Shot Misses the Net.
1:09 of 3rd period - Slapshot by Jake Christiansen.
1:09 of 3rd period - Stopped by Zach Sawchenko with a rebound.
1:11 of 3rd period - Wrist shot by Tanner Laczynski.
1:11 of 3rd period - Shot Misses the Net.
1:13 of 3rd period - Backhand shot by Max Jones.
1:13 of 3rd period - Stopped by Zach Sawchenko without a rebound.
1:14 of 3rd period - Max Jones wins face-off versus Matthew Phillips in Lowell Devils zone.
1:54 of 3rd period - Cross Hanas is hit by Frederic Brunet and loses puck.
2:16 of 3rd period - Icing by Frederic Brunet.
2:17 of 3rd period - Roby Jarventie wins face-off versus Luca Del Bel Belluz in Manchester Monarchs zone.
2:22 of 3rd period - Wrist shot by Ethan Cardwell.
2:22 of 3rd period - Shot Hit the Post.
2:24 of 3rd period - Slapshot by Ethan Cardwell.
2:24 of 3rd period - Deflect By Matthew Phillips.
2:24 of 3rd period - Shot Misses the Net.
2:24 of 3rd period - Puck is out of play.
2:25 of 3rd period - Tanner Laczynski wins face-off versus Matthew Phillips in Manchester Monarchs zone.
3:31 of 3rd period - Wrist shot by Roby Jarventie.
3:31 of 3rd period - Shot Misses the Net.
4:01 of 3rd period - Adam Engstrom is hit by Daniil Miromanov and loses puck.
4:18 of 3rd period - Minor Penalty to Tanner Laczynski for Interference.
4:19 of 3rd period - Luca Del Bel Belluz wins face-off versus Nick Abruzzese in Manchester Monarchs zone.
5:12 of 3rd period - Luca Del Bel Belluz is hit by Cross Hanas and loses puck.
6:18 of 3rd period - Penalty to Tanner Laczynski is over, Tanner Laczynski is back on ice.
7:05 of 3rd period - Nikolai Knyzhov is hit by Filip Mesar and loses puck.
8:02 of 3rd period - Adam Beckman is hit by David Goyette and loses puck.
8:46 of 3rd period - Jack Rathbone is hit by Nikolai Kovalenko.
9:21 of 3rd period - Jack Rathbone is hit by Max Jones.
9:25 of 3rd period - Luke Tuch is hit by Max Jones and loses puck.
9:46 of 3rd period - Roby Jarventie is hit by Mathias Emilio Pettersen and loses puck.
10:38 of 3rd period - Tobias Bjornfot is hit by Max Jones and loses puck.
11:21 of 3rd period - Nikolai Knyzhov is hit by Mathias Emilio Pettersen and loses puck.
12:38 of 3rd period - Wrist shot by Luca Del Bel Belluz.
12:38 of 3rd period - Shot Misses the Net.
12:40 of 3rd period - Slapshot by Samuel Johannesson.
12:40 of 3rd period - Stopped by Zach Sawchenko with a rebound.
12:42 of 3rd period - Slapshot by Daemon Hunt.
12:42 of 3rd period - Shot Misses the Net.
12:44 of 3rd period - Slapshot by Daemon Hunt.
12:44 of 3rd period - Deflect By Matthew Phillips.
12:44 of 3rd period - Stopped by Zach Sawchenko with a rebound.
13:12 of 3rd period - Snap shot by Rory Kerins.
13:12 of 3rd period - Shot Blocked by David Goyette.
13:30 of 3rd period - Slapshot by Rory Kerins.
13:30 of 3rd period - Stopped by Zach Sawchenko with a rebound.
13:56 of 3rd period - Snap shot by Luca Del Bel Belluz.
13:56 of 3rd period - Shot Misses the Net.
13:58 of 3rd period - Snap shot by Luca Del Bel Belluz.
13:58 of 3rd period - Deflect By Nikolai Kovalenko.
13:58 of 3rd period - Stopped by Zach Sawchenko with a rebound.
14:00 of 3rd period - Slapshot by Rory Kerins.
14:00 of 3rd period - Stopped by Zach Sawchenko without a rebound.
14:01 of 3rd period - Cole Guttman wins face-off versus Owen Beck in Lowell Devils zone.
14:08 of 3rd period - Wrist shot by Cole Guttman.
14:08 of 3rd period - Shot Misses the Net.
14:16 of 3rd period - Slapshot by Cole Guttman.
14:16 of 3rd period - Stopped by Zach Sawchenko with a rebound.
15:09 of 3rd period - Slapshot by David Gustafsson.
15:09 of 3rd period - Goal by David Gustafsson - Manchester Monarchs : 5 - Lowell Devils : 4.
15:10 of 3rd period - Nick Abruzzese wins face-off versus Cole Guttman in neutral zone.
15:16 of 3rd period - Wrist shot by Ozzy Wiesblatt.
15:16 of 3rd period - Stopped by Matthew Murray with a rebound.
15:18 of 3rd period - Snap shot by Tanner Dickinson.
15:18 of 3rd period - Stopped by Matthew Murray without a rebound.
15:19 of 3rd period - Nick Abruzzese wins face-off versus Cole Guttman in Manchester Monarchs zone.
15:32 of 3rd period - Wrist shot by Nick Abruzzese.
15:32 of 3rd period - Stopped by Matthew Murray with a rebound.
15:34 of 3rd period - Slapshot by Matt Kiersted.
15:34 of 3rd period - Stopped by Matthew Murray without a rebound.
15:35 of 3rd period - Max Jones wins face-off versus Nick Abruzzese in Manchester Monarchs zone.
16:43 of 3rd period - Slapshot by Jaret Anderson-Dolan.
16:43 of 3rd period - Shot Misses the Net.
16:55 of 3rd period - Matthew Phillips is hit by Max Jones and loses puck.
17:02 of 3rd period - Snap shot by Max Jones.
17:02 of 3rd period - Stopped by Zach Sawchenko with a rebound.
17:04 of 3rd period - Slapshot by Tanner Laczynski.
17:04 of 3rd period - Shot Blocked by Matt Kiersted.
17:23 of 3rd period - Snap shot by Justin Sourdif.
17:23 of 3rd period - Shot Blocked by Matt Kiersted.
17:39 of 3rd period - Snap shot by Luca Del Bel Belluz.
17:39 of 3rd period - Deflect By Rory Kerins.
17:39 of 3rd period - Shot Misses the Net.
17:39 of 3rd period - Puck is out of play.
17:40 of 3rd period - Luca Del Bel Belluz wins face-off versus Owen Beck in Lowell Devils zone.
17:47 of 3rd period - Slapshot by Luca Del Bel Belluz.
17:47 of 3rd period - Goal by Luca Del Bel Belluz - Manchester Monarchs : 6 - Lowell Devils : 4.
17:48 of 3rd period - Matthew Phillips wins face-off versus Cole Guttman in neutral zone.
17:58 of 3rd period - Off-side.
17:59 of 3rd period - Cole Guttman wins face-off versus Matthew Phillips in neutral zone.
18:04 of 3rd period - Backhand shot by Kirill Kudryavtsev.
18:04 of 3rd period - Deflect By Cole Guttman.
18:04 of 3rd period - Stopped by Zach Sawchenko with a rebound.
Goals for this period are 2 for Manchester Monarchs vs 0 for Lowell Devils.
Shots for this period are 12 for Manchester Monarchs vs 4 for Lowell Devils.